Map: Triton LE

Players

Swather

  • Race: Protoss Protoss
  • League: Platinum
  • Spawn Location: 11:00

Makanoft - Winner!

  • Race: Zerg Zerg
  • League: Platinum
  • Spawn Location: 5:00

VOD

Have the link to the VOD?

Description

Time

  • Played on: Aug. 28, 2019, 6:50 p.m.
  • Length: 11:56
Show
View Real Time Build Order
Export as new Build Order

Swather Protoss 

Build Orders:  

Get SALT Encoding   

  12  0:01  Probe  
  13  0:13  Probe  
  14  0:24  Pylon  
  14  0:25  Probe  
  15  0:43  Gateway  
  15  0:45  Probe  
  15  0:47  Pylon  
  16  0:54  Probe, Assimilator  
  16  1:03  Probe  
  18  1:15  Forge  
  18  1:19  Probe  
  18  1:25  Zealot  
  19  1:26  Pylon  
  19  1:31  Probe  
  22  1:41  Cybernetics Core  
  22  1:45  Probe  
  23  1:58  Photon Cannon  
  23  2:02  Probe  
  24  2:22  Nexus  
  24  2:32  Robotics Facility  
  24  2:34  Probe  
  24  2:36  Assimilator  
  24  2:38  Warp Gate  
  24  2:42  Probe  
  26  2:52  Probe  
  27  3:05  Gateway  
  27  3:09  Probe  
  27  3:11  Pylon  
  28  3:18  Stalker  
  30  3:21  Probe  
  31  3:34  Probe  
  32  3:35  Probe  
  32  3:36  Immortal  
  37  3:44  Probe  
  37  3:46  Probe  
  39  3:53  Twilight Council, Probe  
  39  3:58  Probe  
  41  4:05  Probe, Protoss Ground Weapons Level 1  
  42  4:10  Probe  
  43  4:28  Gateway  
  43  4:29  Gateway  
  43  4:32  Charge  
  43  4:36  Probe x2  
  45  4:42  Warp Prism  
  45  4:45  Zealot  
  49  4:47  Probe, Zealot  
  49  4:48  Probe  
  53  4:55  Probe  
  54  5:00  Probe  
  54  5:03  Probe  
  55  5:10  Gateway x2  
  55  5:12  Probe  
  55  5:13  Immortal  
  57  5:14  Probe  
  62  5:44  Pylon  
  62  5:47  Pylon  
  62  5:49  Pylon  
  62  5:50  Pylon  
  62  5:54  Pylon  
  62  6:02  Probe x2  
  64  6:07  Zealot  
  66  6:14  Probe x2  
  68  6:21  Zealot x2  
  68  6:22  Zealot x3  
  78  6:26  Probe  
  79  6:43  Pylon  
  79  6:44  Pylon  
  79  6:46  Pylon  
  79  6:55  Zealot x5  
  79  6:56  Zealot  
  91  7:07  Photon Cannon  
  91  7:08  Photon Cannon  
  81  7:10  Photon Cannon  
  81  7:12  Photon Cannon  
  81  7:13  Photon Cannon  
  61  7:15  Photon Cannon  
  61  7:17  Photon Cannon  
  61  7:19  Photon Cannon  
  53  7:23  Photon Cannon  
  53  7:26  Photon Cannon  
  51  7:30  Pylon  
  51  7:31  Stalker x3  
  51  7:33  Pylon, Stalker  
  51  7:35  Pylon, Probe  
  60  7:43  Stalker  
  62  7:44  Stalker  
  64  7:58  Zealot x4  
  72  8:06  Photon Cannon  
  72  8:10  Photon Cannon  
  72  8:17  Photon Cannon  
  72  8:23  Photon Cannon  
  72  8:30  Photon Cannon  
  72  8:34  Photon Cannon  
  72  8:40  Zealot x2  
  76  8:41  Zealot  
  78  8:54  Zealot  
  78  8:55  Zealot x2  
  82  9:02  Zealot x3  
  74  9:27  Zealot x3  
  74  9:28  Zealot x2  
  74  9:29  Zealot  
  62  9:53  Zealot x2  
  62  9:54  Zealot  
  62  9:55  Zealot x3  
  74  10:28  Zealot x5  
  80  10:29  Zealot  
  86  10:46  Templar Archives  
  86  10:53  Assimilator  
  86  10:55  Assimilator  
  86  11:23  High Templar  
  86  11:24  High Templar x3  
  86  11:25  High Templar x2  
  96  11:29  Archon x2  
  96  11:31  Archon  
Show
View Real Time Build Order
Export as new Build Order

Makanoft Zerg - Winner!

Build Orders: Hatch First 

Get SALT Encoding   

  12  0:01  Drone  
  13  0:10  Drone  
  14  0:14  Extractor  
  14  0:21  Drone  
  14  0:23  Overlord  
  15  0:42  Drone x2  
  17  0:46  Drone  
  18  0:58  Hatchery  
  17  1:04  Drone  
  17  1:08  Drone  
  19  1:17  Spawning Pool  
  18  1:20  Extractor  
  18  1:21  Drone  
  18  1:29  Drone  
  19  1:39  Drone  
  20  1:51  Overlord  
  20  2:04  Queen  
  20  2:07  Hatchery  
  20  2:08  Zergling x2  
  22  2:12  Zergling x4  
  24  2:22  Metabolic Boost  
  24  2:25  Zergling x2  
  25  2:30  Zergling x2  
  25  2:36  Drone x2  
  28  2:43  Drone x2  
  30  2:51  Queen  
  32  2:55  Overlord  
  31  3:10  Drone x3  
  34  3:14  Lair  
  34  3:19  Drone x3  
  37  3:26  Drone x2  
  39  3:33  Drone x3  
  42  3:41  Spore Crawler  
  41  3:51  Drone x2  
  41  3:52  Drone x6  
  49  3:57  Spore Crawler  
  49  4:02  Spore Crawler  
  47  4:05  Drone  
  47  4:06  Drone  
  49  4:19  Overlord x2  
  49  4:24  Extractor  
  48  4:27  Extractor, Queen  
  49  4:37  Queen  
  51  4:39  Drone  
  51  4:40  Drone x8  
  60  4:46  Overlord x2  
  60  4:48  Queen  
  62  4:56  Spire  
  61  5:02  Queen  
  63  5:13  Zergling x4  
  63  5:14  Zergling x16  
  73  5:22  Drone, Spine Crawler  
  73  5:23  Spine Crawler  
  73  5:27  Zergling x4  
  74  5:31  Extractor  
  73  5:55  Zergling x10  
  73  5:56  Zergling x4  
  80  6:00  Extractor  
  79  6:07  Overlord x3  
  79  6:11  Mutalisk  
  79  6:14  Overlord  
  81  6:27  Evolution Chamber x2  
  81  6:30  Mutalisk x7  
  93  6:42  Drone x3  
  96  7:01  Zergling x10  
  100  7:04  Zergling x2  
  100  7:05  Zergling x2  
  95  7:11  Zergling x2  
  78  7:16  Mutalisk x5  
  81  7:30  Drone x3  
  81  7:35  Mutalisk x2  
  88  7:54  Drone  
  88  7:55  Drone x5  
  94  8:10  Zergling x16  
  94  8:11  Zergling x4  
  104  8:25  Mutalisk x3  
  110  8:39  Drone  
  110  8:40  Drone x2  
  113  8:41  Overlord x2  
  113  8:56  Hydralisk Den, Hatchery  
  113  8:59  Zergling x8  
  113  9:00  Zergling x2  
  113  9:01  Overlord x3  
  113  9:02  Overlord  
  116  9:06  Overseer x2  
  116  9:15  Drone x2  
  118  9:18  Evolution Chamber  
  118  9:21  Evolution Chamber  
  101  9:36  Hydralisk x5  
  105  10:03  Hydralisk x4  
  105  10:04  Hydralisk x4  
  119  10:18  Zergling x6  
  119  10:19  Zergling x4  
  124  10:35  Hydralisk x5  
  134  10:49  Zergling x12  
  141  10:50  Zergling x6  
  141  10:55  Drone x3  
  146  11:12  Roach Warren  
  146  11:14  Drone x2  
Tags
 
Add a new tag
Caveats
  • Supply blocks, unpowered buildings, or Contaminate may cause inaccurate times.
  • Supply counts are checked every 10 seconds.